 Dungeon Crawl Stone Soup version 0.22-a0-351-g29664b4 (webtiles) character file.

10108 b5mith the Carver (level 11, 0/111 HPs)
             Began as a Minotaur Berserker on Apr 12, 2018.
             Was a High Priest of Trog.
             Splashed by an acid dragon's acid (16 damage)
             ... on level 12 of the Dungeon.
             The game lasted 00:30:47 (11313 turns).

b5mith the Carver (Minotaur Berserker)             Turns: 11313, Time: 00:30:47

Health: 0/111      AC: 12    Str: 25    XL:     11   Next: 31%
Magic:  10/10      EV:  9    Int:  4    God:    Trog [*****.]
Gold:   573        SH:  0    Dex: 10    Spells: 10/10 levels left

rFire    . . .     SeeInvis +   G - +0 great sword (curse)
rCold    + . .     Gourm    .   (shield currently unavailable)
rNeg     . . .     Faith    .   N - +0 chain mail
rPois    .         Spirit   .   (helmet restricted)
rElec    .         Reflect  .   A - +0 cloak {MR+}
rCorr    .         Harm     .   P - +0 pair of gloves
MR       +....                  v - +0 pair of boots
Stlth    ..........             (no amulet)
HPRegen  0.28/turn              r - ring of see invisible
MPRegen  0.12/turn              g - ring of protection from cold

@: no status effects
A: retaliatory headbutt, horns 2
a: Berserk, Trog's Hand, Brothers in Arms, Renounce Religion


You were on level 12 of the Dungeon.
You worshipped Trog.
Trog was extremely pleased with you.
You were not hungry.

You visited 1 branch of the dungeon, and saw 12 of its levels.

You collected 573 gold pieces.

Inventory:

Hand Weapons
 a - a +0 long sword
   (You found it on level 5 of the Dungeon)
 b - a +0 hunting sling
   (You found it on level 3 of the Dungeon)
 q - a +0 falchion
 G - a cursed +0 great sword (weapon)
   (You took it off a big kobold on level 7 of the Dungeon)
Missiles
 u - 8 javelins
 B - 71 sling bullets
 L - 10 tomahawks (quivered)
Armour
 v - a +0 pair of boots (worn)
   (You found it on level 3 of the Dungeon)
 A - a +0 cloak of magic resistance (worn)
   (You took it off Crazy Yiuf on level 6 of the Dungeon)
 N - a +0 chain mail (worn)
   (You found it on level 9 of the Dungeon)
 P - a +0 pair of gloves (worn)
   (You found it on level 9 of the Dungeon)
Jewellery
 e - a +2 ring of intelligence
   (You found it on level 1 of the Dungeon)
 g - a ring of protection from cold (right hand)
   (You found it on level 7 of the Dungeon)
 r - a ring of see invisible (left hand)
   (You found it on level 4 of the Dungeon)
 M - an uncursed ring of poison resistance {unknown}
   (You took it off a centaur on level 11 of the Dungeon)
 O - an uncursed ring of flight
   (You found it on level 9 of the Dungeon)
Wands
 s - a wand of random effects (55)
   (You took it off an orc on level 3 of the Dungeon)
 E - a wand of enslavement (24)
   (You found it on level 8 of the Dungeon)
 H - a wand of iceblast (14)
   (You found it on level 7 of the Dungeon)
Scrolls
 d - a scroll of immolation
 h - 6 scrolls of identify {@r1}
 i - 5 scrolls of blinking
 j - 5 scrolls of remove curse {@r2}
 n - 7 scrolls of teleportation
 o - a scroll of random uselessness
 t - a scroll of magic mapping
 x - 2 scrolls of fear
 C - a scroll of summoning {unknown}
 K - a scroll of brand weapon {unknown}
 Q - a scroll of vulnerability {unknown}
 R - a scroll of enchant weapon {unknown}
 S - a scroll of amnesia {unknown}
Potions
 f - a potion of flight {unknown}
 k - 2 potions of curing {@q1}
 l - 3 potions of magic
 m - 2 potions of haste
 p - 2 potions of lignification
 w - 2 potions of ambrosia
 D - a potion of berserk rage {unknown}
 F - a potion of agility {unknown}
 I - a potion of mutation {unknown}
Comestibles
 c - 22 rations


   Skills:
 + Level 14.7 Fighting
 + Level 14.7 Long Blades
 - Level 2.4 Armour
 - Level 2.1 Dodging


You had 10 spell levels left.
You didn't know any spells.

Dungeon Overview and Level Annotations

Branches:
Dungeon (12/15)            Temple (0/1) D:6            Lair (0/6) D:11
    Orc (0/2) D:9

Altars:
Dithmenos
Elyvilon
Nemelex Xobeh
Vehumet
Zin

Shops:
D:5 (   D:8 *}


Innate Abilities, Weirdness & Mutations

You reflexively headbutt those who attack you in melee.
You have a pair of horns on your head.


Message History

The centaur warrior is heavily wounded.
The centaur warrior hits you.
The centaur warrior hits you but does no damage.
A white imp comes into view.
You barely miss the centaur warrior.
Your headbutt misses the centaur warrior.
The centaur warrior is heavily wounded.
The centaur warrior hits you! The black bear bites you.
The black bear claws you but does no damage.
The black bear barely misses you.
A white imp comes into view.
You closely miss the centaur warrior.
The white imp shouts!
Your headbutt misses the centaur warrior.
The centaur warrior is heavily wounded.
The centaur warrior barely misses you.
You riposte.
You hit the centaur warrior.
The centaur warrior is heavily wounded.
The centaur warrior hits you.
The black bear bites you but does no damage.
The black bear claws you but does no damage. x2
The centaur warrior wields an uncursed shortbow.
The centaur warrior shoots an arrow.
The arrow hits you!
* * * LOW HITPOINT WARNING * * *
You see here 2 arrows.
As you read the scroll of teleportation, it crumbles to dust.
You feel strangely unstable.
The centaur warrior shoots an arrow.
The arrow hits you!
* * * LOW HITPOINT WARNING * * *
The black bear bites you but does no damage.
The black bear completely misses you. x2
The centaur warrior shoots an arrow.
The arrow hits you.
* * * LOW HITPOINT WARNING * * *
You see here an arrow.
The centaur warrior shoots an arrow.
The arrow hits you.
* * * LOW HITPOINT WARNING * * *
The white imp gestures at you. The puff of frost misses you.
You see here 2 arrows.
Your surroundings seem slightly different.
An acid dragon comes into view.
The acid dragon roars!
The centaur warrior shoots an arrow.
The arrow hits you!
* * * LOW HITPOINT WARNING * * *
You see here an arrow.
The acid dragon spits acid at you. The splash of acid hits you!
* * * LOW HITPOINT WARNING * * *
You are splashed with acid!
The acid burns!
You die...

....#.... ..#.......## #D.......
........... .......##
...#.#.##.####.......## ....#.#.
................................
................................
.................)..............
........55.ch.(@................
........((((.(..(>..............
..........5.....................
.......................>.......<
..#......#.##................#..
. ##.##.#####.....##........##..
## ### ##...##...........#.
##.##....#.........
##....#.............


You could see a centaur warrior, a black bear, an acid dragon and 3 white imps.

Vanquished Creatures
  A hydra (D:11)
  A two-headed ogre (D:10)
  An ugly thing (D:11)
  A manticore (D:11)
  A troll (D:11)
  2 polar bears (D:10)
  Grinder (D:3)
  A hippogriff (D:10)
  Sigmund (D:3)
  A centaur simulacrum (D:10)
  A shadow (D:11)
  A wraith (D:11)
  A hungry ghost (D:10)
  A steam dragon (D:8)
  A water moccasin (D:5)
  Duvessa (D:4)
  A swamp drake (D:9)
  2 orc warriors
  6 ice beasts
  4 sky beasts
  3 phantoms
  A black bear (D:6)
  A necrophage (D:6)
  5 ogres
  2 wolves
  8 centaurs
  2 big kobolds
  10 bullfrogs
  A wyvern zombie (D:10)
  Dowan (D:4)
  4 wights (D:8)
  2 electric eels (D:11)
  4 crimson imps
  2 quasits
  11 hounds
  2 jellies (D:10)
  An orc priest (D:9)
  Crazy Yiuf (D:6)
  3 bullfrog skeletons
  Jessica (D:3)
  14 orc wizards
  Natasha (thrice) (D:2)
  4 iguanas
  7 worker ants
  A hound skeleton (D:5)
  A worker ant zombie (D:9)
  Robin (D:4)
  10 adders
  10 gnolls
  A howler monkey skeleton (D:8)
  A shadow imp (D:7)
  A white imp (D:10)
  An ufetubus (D:10)
  An ooze (D:1)
  3 adder skeletons
  A worm (D:2)
  A dart slug (D:1)
  9 leopard geckos
  52 orcs
  2 ball pythons
  7 bats
  4 giant cockroaches
  17 goblins
  8 hobgoblins
  12 jackals
  3 quokkas
  7 frilled lizards
  18 kobolds
  2 quokka skeletons (D:4)
  8 rats
305 creatures vanquished.

Notes
Turn   | Place    | Note
-------+----------+-------------------------------------------
     0 | D:1      | b5mith the Minotaur Berserker began the quest for the Orb.
     0 | D:1      | Reached XP level 1. HP: 19/19 MP: 0/0
   214 | D:1      | Reached XP level 2. HP: 24/27 MP: 1/1
   405 | D:1      | Reached ** piety under Trog
   478 | D:1      | Reached XP level 3. HP: 32/34 MP: 2/2
   700 | D:2      | Noticed Natasha
   708 | D:2      | Killed Natasha
   877 | D:2      | Noticed Natasha
   891 | D:2      | Killed Natasha
   891 | D:2      | Reached skill level 5 in Fighting
   891 | D:2      | Reached skill level 5 in Long Blades
   891 | D:2      | Reached XP level 4. HP: 20/42 MP: 3/3
  1073 | D:2      | Found a white marble altar of Elyvilon.
  1137 | D:2      | Found a sparkling altar of Nemelex Xobeh.
  1184 | D:2      | Found a radiant altar of Vehumet.
  1244 | D:2      | Found a glowing silver altar of Zin.
  1269 | D:2      | Noticed Natasha
  1283 | D:2      | Killed Natasha
  1644 | D:3      | Reached XP level 5. HP: 48/48 MP: 4/4
  1742 | D:3      | Noticed Jessica
  1750 | D:3      | Killed Jessica
  1791 | D:3      | Noticed Sigmund
  1799 | D:3      | Killed Sigmund
  1799 | D:3      | Reached XP level 6. HP: 58/58 MP: 5/5
  1922 | D:3      | Reached *** piety under Trog
  2182 | D:3      | Noticed Grinder
  2196 | D:3      | Killed Grinder
  2196 | D:3      | Reached XP level 7. HP: 38/66 MP: 6/6
  2358 | D:4      | Noticed Duvessa
  2367 | D:4      | Noticed Dowan
  2374 | D:4      | Killed Duvessa
  2376 | D:4      | Killed Dowan
  2650 | D:4      | Noticed Robin
  2673 | D:4      | Reached **** piety under Trog
  2675 | D:4      | Killed Robin
  2763 | D:4      | Reached XP level 8. HP: 43/75 MP: 7/7
  3384 | D:5      | Entered Level 5 of the Dungeon
  3384 | D:5      | Found Onkitido's Weapon Boutique.
  4185 | D:5      | HP: 2/117 [ice beast (9)]
  4400 | D:5      | Reached skill level 10 in Fighting
  4400 | D:5      | Reached skill level 10 in Long Blades
  5156 | D:6      | Reached ***** piety under Trog
  5389 | D:6      | Reached XP level 9. HP: 85/86 MP: 8/8
  5454 | D:6      | Found a staircase to the Ecumenical Temple.
  5992 | D:6      | Found a runed door.
  6252 | D:6      | Noticed Crazy Yiuf
  6257 | D:6      | Killed Crazy Yiuf
  6804 | D:8      | Found Saniej's Gadget Shop.
  7441 | D:8      | Found a shadowy altar of Dithmenos.
  7525 | D:8      | Found Fuafiad's Assorted Antiques.
  8049 | D:9      | Reached XP level 10. HP: 68/99 MP: 9/9
  8295 | D:9      | Found a staircase to the Orcish Mines.
  8630 | D:10     | Entered Level 10 of the Dungeon
  8652 | D:10     | Received a gift from Trog
  9155 | D:10     | Noticed a two-headed ogre
  9161 | D:10     | Killed a two-headed ogre
  9672 | D:11     | Noticed a manticore
  9675 | D:11     | Killed a manticore
  9707 | D:11     | Noticed a red ugly thing
  9726 | D:11     | Killed a red ugly thing
  9726 | D:11     | Reached XP level 11. HP: 40/110 MP: 10/10
 10327 | D:11     | HP: 3/111 [electric eel/bolt of electricity (9)]
 10604 | D:11     | Noticed a seven-headed hydra
 10609 | D:11     | Found a staircase to the Lair.
 10623 | D:11     | Killed a seven-headed hydra
 11297 | D:12     | Noticed a centaur warrior
 11313 | D:12     | Splashed by an acid dragon's acid

Vault maps used:
D:1:      dpeg_arrival_another_circle, minmay_misc_feat_more_columns
D:2:      nicolae_overflow_hidden_temple, marbit_many_paths, old_standard_altar,
          nemelex_diamond_rough_becter, uniq_natasha
D:3:      uniq_jessica, uniq_sigmund, uniq_grinder
D:4:      portal_sewer_entry_e, first_ration, uniq_robin, uniq_duvessa
D:5:      serial_shops, shop, minmay_holes
D:6:      minmay_temple_entry_steel_oval, uniq_crazy_yiuf_cottage
D:8:      nicolae_overflow_crystal_walls, serial_shops, shop_fountains,
          kennysheep_little_box
D:9:      erik_orc_1
D:10:     serial_ice, serial_ice_m, serial_ice_f, serial_ice_n, serial_ice_e
D:11:     erik_lair_island
D:12:     portal_ice_cave_entry_imps, grunt_pizzeria, nemelex_altar_shiori

Skill      XL: |  1  2  3  4  5  6  7  8  9 10 |
---------------+-------------------------------+-----
Fighting       | 4 5 6 7 8 10 12 14 | 14.7
Long Blades    | 4 5 6 7 8 10 12 14 | 14.7
Armour         | |  2.4
Dodging        | |  2.1

Action                   |  1- 3 |  4- 6 |  7- 9 | 10-12 || total
-------------------------+-------+-------+-------+-------++-------
Melee: Falchion          |    54 |    97 |   131 |       ||   282
       Headbutt          |    11 |    22 |    92 |    47 ||   172
       Long sword        |       |       |   150 |       ||   150
       Great sword       |       |       |   107 |   256 ||   363
 Fire: Hunting sling     |       |       |    38 |       ||    38
Invok: Berserk           |     2 |     1 |     3 |     4 ||    10
Evoke: Wand              |       |       |       |     4 ||     4
  Use: Scroll            |       |     2 |     5 |     7 ||    14
       Potion            |       |       |     1 |     6 ||     7
  Eat: Chunk             |     1 |     6 |    18 |    13 ||    38
       Ration            |       |       |     1 |     1 ||     2
Armor: Ring mail         |    14 |    22 |    83 |       ||   119
       Animal skin       |     1 |       |       |       ||     1
       Chain mail        |       |       |    18 |   189 ||   207
       Leather armour    |       |       |    15 |       ||    15
       Skin              |       |       |       |     3 ||     3
Dodge: Dodged            |    34 |    48 |   137 |   153 ||   372
Block: Shield            |       |     9 |    84 |       ||    93
       Rpst.: Falchion   |    11 |    17 |    12 |       ||    40
       Long sword        |       |       |    14 |       ||    14
       Great sword       |       |       |    14 |    24 ||    38

Table legend:
 A = Spawn XP
 B = Non-spawn XP
 C = Spawn XP percentage of total XP
 D = Spawn monster count
 E = Non-spawn monster count
 F = Spawn count percentage of total count
 G = Total turns spent on level
                    A         B        C        D         E        F      G
               +---------+---------+-------+---------+---------+-------+---------
         Total |       0 |   14440 |   0.0 |       0 |     305 |   0.0 | 11313
               +---------+---------+-------+---------+---------+-------+---------
           D:1 |       0 |      44 |   0.0 |       0 |      23 |   0.0 |   676
           D:2 |       0 |     139 |   0.0 |       0 |      21 |   0.0 |   922
           D:3 |       0 |     706 |   0.0 |       0 |      32 |   0.0 |   755
           D:4 |       0 |     833 |   0.0 |       0 |      38 |   0.0 |  1031
           D:5 |       0 |     698 |   0.0 |       0 |      22 |   0.0 |  1587
           D:6 |       0 |     974 |   0.0 |       0 |      26 |   0.0 |  1324
           D:7 |       0 |     351 |   0.0 |       0 |      12 |   0.0 |   482
           D:8 |       0 |    1046 |   0.0 |       0 |      19 |   0.0 |   963
           D:9 |       0 |    1606 |   0.0 |       0 |      33 |   0.0 |   890
          D:10 |       0 |    3368 |   0.0 |       0 |      32 |   0.0 |   961
          D:11 |       0 |    4675 |   0.0 |       0 |      47 |   0.0 |  1674
               +---------+---------+-------+---------+---------+-------+---------
